 Dungeon Crawl Stone Soup version 0.23.2-11-gf996548c65 (webtiles) character file.

Game seed: 6344989724874979365

34536 konkrete the Cleaver (level 14, 0/119 HPs)
             Began as a Formicid Abyssal Knight on June 7, 2019.
             Was the Champion of Lugonu.
             Shot with an arrow by a centaur warrior (6 damage)
             ... on level 14 of the Dungeon.
             The game lasted 00:49:37 (18528 turns).

konkrete the Cleaver (Formicid Abyssal Knight)     Turns: 18528, Time: 00:49:38

Health: 0/119      AC: 20    Str: 25 (27) XL:     14   Next: 13%
Magic:  22/22      EV:  8    Int: 14 (16) God:    Lugonu [******]
Gold:   736        SH: 17    Dex:  9 (12) Spells: 12/13 levels left

rFire    + . .     SeeInvis +   M - +2 battleaxe (chop)
rCold    + . .     Gourm    .   C - +1 shield {rF+}
rNeg     . . .     Faith    .   g - +0 plate armour
rPois    +         Spirit   .   (helmet unavailable)
rElec    +         Reflect  +   S - +0 cloak
rCorr    .         Harm     .   z - +2 pair of gloves
MR       +....                  (no boots)
Stlth    ..........             j - +4 amulet of reflection
HPRegen  0.29/turn              v - +2 ring of slaying
MPRegen  0.18/turn              y - ring of Wischei Yqoi {rElec rPois Str+5 Int+4 Dex+2}

@: no status effects
A: permanent stasis, dig shafts and tunnels, four strong arms, antennae 3, cold
resistance 1, poison resistance, robust 1
a: Dig, Shaft Self, Depart the Abyss, Bend Space, Banish, Corrupt, Enter the
Abyss, Brand Weapon With Distortion, Renounce Religion


You were on level 14 of the Dungeon.
You worshipped Lugonu.
Lugonu was exalted by your worship.
You were not hungry.

You visited 1 branch of the dungeon, and saw 14 of its levels.
You visited the Abyss 2 times.
You also visited: Bailey and Gauntlet.

You collected 923 gold pieces.
You spent 187 gold pieces at shops.

Inventory:

Hand Weapons
 a - a +4 war axe of flaming
 k - a +1 hand axe of freezing
 K - a cursed +2 battleaxe of freezing
 M - a +2 battleaxe of chopping (weapon)
Missiles
 J - 5 javelins of returning (quivered)
 R - a throwing net
Armour
 g - a +0 plate armour (worn)
 z - a +2 pair of gloves (worn)
 C - a +1 shield of fire resistance (worn)
 L - the +2 buckler of Badi {rElec rF+ Str+2 Int-3}
   (You took it off a minotaur in a Gauntlet)

   It affects your strength (+2).
   It affects your intelligence (-3).
   It protects you from fire.
   It insulates you from electricity.
 S - a +0 cloak (worn)
Jewellery
 j - a +4 amulet of reflection (around neck)
 m - an uncursed ring of fire
 s - an uncursed ring of flight
 v - a +2 ring of slaying (left hand)
 x - the ring of Ahaddeamm {Dex+4 Stlth+}
   (You found it in a Gauntlet)

   [ring of stealth]

   It affects your dexterity (+4).
   It makes you more stealthy.
 y - the ring of Wischei Yqoi (right hand) {rElec rPois Str+5 Int+4 Dex+2}
   (You took it off a minotaur in a Gauntlet)

   [ring of dexterity]

   It affects your strength (+5).
   It affects your intelligence (+4).
   It affects your dexterity (+2).
   It insulates you from electricity.
   It protects you from poison.
 T - an uncursed amulet of regeneration
Wands
 e - a wand of polymorph (3)
 t - a wand of acid (7)
 F - a wand of iceblast (11)
 I - a wand of flame (24)
 O - a wand of enslavement (7)
 Q - a wand of random effects (27)
Scrolls
 d - a scroll of magic mapping
 f - 2 scrolls of identify
 i - 5 scrolls of enchant armour
 o - 2 scrolls of immolation
 q - 2 scrolls of remove curse
 u - a scroll of fog
 H - 3 scrolls of fear
Potions
 l - a potion of brilliance
 n - a potion of invisibility {unknown}
 p - a potion of agility
 r - 3 potions of lignification
 w - a potion of cancellation
 A - 2 potions of resistance {unknown}
 B - a potion of magic {unknown}
 D - 2 potions of degeneration
 E - 4 potions of ambrosia
 G - a potion of berserk rage {unknown}
Miscellaneous
 b - a box of beasts
 h - a lamp of fire
 P - a phantom mirror
Comestibles
 c - 29 rations
 N - 20 chunks of flesh


   Skills:
 + Level 9.9 Fighting
 + Level 13.7 Axes
 * Level 11.8 Armour
 - Level 0.8 Dodging
 - Level 9.5 Shields
 * Level 11.8 Invocations
 + Level 1.5 Evocations


You had 12 spell levels left.
You knew the following spells:

 Your Spells              Type           Power        Failure   Level  Hunger
a - Confusing Touch       Hex            #.....       95%         1    ##.....

Your spell library contained the following spells:

 Spells                   Type           Power        Failure   Level  Hunger
 Animate Skeleton         Necr           N/A          95%         1    ##.....
 Apportation              Tloc           #.....       95%         1    ##.....
 Pain                     Necr           #...         95%         1    ##.....
 Summon Small Mammal      Summ           #...         95%         1    ##.....
 Lesser Beckoning         Tloc           #.........   100%        3    ####...
 Regeneration             Chrm/Necr      #.........   100%        3    ####...
 Vampiric Draining        Necr           #.........   100%        3    ####...
 Animate Dead             Necr           N/A          100%        4    #####..
 Summon Forest            Summ/Tloc      #.........   100%        5    ######.


Dungeon Overview and Level Annotations

Branches:
Dungeon (15/15)            Temple (0/1) D:5             Orc (0/2) D:9
 Depths (0/5) D:15
   Lair: D:8-11      Vaults: D:13-14

Altars:
Dithmenos
Qazlal

Shops:
D:4 ?[   D:5 *

Annotations:
D:3 exclusion: downstairs
D:8 exclusion: downstairs
D:11 1 exclusion
D:12 Jorgrun


Innate Abilities, Weirdness & Mutations

You cannot be hasted, slowed, berserked, paralysed or teleported.
You can dig through walls and to a lower floor.
Your four strong arms can wield two-handed weapons with a shield.
You have a pair of large antennae on your head. (SInv)
Your flesh is cold resistant. (rC+)
Your system is resistant to poisons. (rPois)
You are robust. (+10% HP)


Message History

The centaur warrior shoots an arrow.
The arrow hits you!
* * * LOW HITPOINT WARNING * * *
The arrow freezes you.
* * * LOW HITPOINT WARNING * * *
The centaur shoots an arrow.
You reflect the arrow off an invisible shield around you!
The arrow barely misses the centaur.
The centaur warrior shoots an arrow.
The arrow hits you but does no damage.
You see here 2 arrows.
It was a potion of degeneration.
There was something very wrong with that liquid.
You feel weakened.
You feel dopey.
You feel clumsy.
The centaur shouts!
You hear a shout! x2; You hear a loud, deep croak!
The centaur warrior shoots an arrow.
You reflect the arrow off an invisible shield around you!
The arrow hits the centaur warrior!
The centaur shoots an arrow.
You reflect the arrow off an invisible shield around you!
The arrow hits the centaur.
The centaur warrior shoots an arrow.
The arrow hits you.
You die...

....#.. #......
.......#.......
...............
... ...........<.
... ......[.....
... #....c.....
##.. #..........
c#...##..@.......
......#.(##......
.c.......##......
......yyc........
..c......{.......
..........§......
...c.......c... .
......(........
......§........


You could see 2 centaur warriors, 2 vampire mosquitoes and 2 centaurs.

Vanquished Creatures
  A lich (Abyss:1)
  A minotaur (Gauntlet)
  Erolcha (D:11)
  A hydra (D:15)
  Erica (D:8)
  A centaur warrior (D:15)
  7 two-headed ogres
  A tengu warrior (Gauntlet)
  Sonja (D:10)
  A titan skeleton (Abyss:1)
  2 fire crabs (Gauntlet)
  An unseen horror (D:11)
  Pikel (D:4)
  A wolf spider (D:15)
  A deep elf mage (D:15)
  A cyclops (D:12)
  2 manticores (D:11)
  Maurice (D:8)
  Psyche (D:10)
  A gargoyle (D:11)
  3 trolls
  Grinder (D:3)
  6 hippogriffs
  6 slime creatures
  A wraith (D:11)
  Sigmund (D:4)
  2 vampires
  7 yaks
  A golden eye (Abyss:1)
  7 fire bats (Gauntlet)
  A steam dragon (D:9)
  2 hungry ghosts
  Menkaure (D:5)
  Edmund (D:4)
  An acid dragon (D:15)
  A hell hound (Gauntlet)
  2 porcupines (D:11)
  3 water moccasins
  6 ice beasts
  2 slaves (D:3)
  4 sky beasts
  6 ogres
  2 necrophages
  11 orc warriors
  A black bear (D:8)
  4 phantoms
  An eye of draining (D:15)
  14 centaurs
  A crocodile (D:11)
  12 bullfrogs
  A gnoll sergeant (D:5)
  3 big kobolds (D:10)
  2 wyvern zombies
  A wyvern skeleton (D:8)
  3 scorpions
  18 killer bees
  A troll skeleton (D:9)
  14 wights
  2 vampire bats (D:3)
  2 spriggan skeletons (D:9)
  5 electric eels (D:11)
  7 crimson imps
  A bullfrog zombie (D:8)
  6 centaur skeletons
  4 jellies
  2 bullfrog skeletons
  6 orc priests
  2 centaur zombies
  7 hounds
  2 iguanas
  Jessica (D:3)
  8 orc wizards
  Natasha (thrice) (D:3)
  5 worker ants
  A killer bee zombie (D:8)
  2 hound zombies
  A hound skeleton (D:6)
  2 worker ant zombies
  9 gnolls
  15 adders
  A howler monkey skeleton (D:10)
  A shadow imp (D:11)
  An adder zombie (D:7)
  An adder skeleton (D:9)
  7 worms
  3 dart slugs
  8 leopard geckos
  90 orcs
  16 bats
  5 giant cockroaches
  14 goblins
  5 hobgoblins
  8 jackals
  3 quokkas
  2 ball pythons
  A ball python skeleton (D:4)
  6 frilled lizards
  A jackal skeleton (D:4)
  20 kobolds
  2 quokka zombies (D:5)
  6 rats
  4 fungi (D:11)
  A plant (D:11)
481 creatures vanquished.

Vanquished Creatures (collateral kills)
  A tengu conjurer (Gauntlet)
1 creature vanquished.

Vanquished Creatures (others)
  4 orc warriors (Bailey)
  A black bear (D:9)
  5 centaurs
  A killer bee (D:10)
  A worker ant (D:9)
  5 fungi
  14 plants
31 creatures vanquished.

Grand Total: 513 creatures vanquished

Notes
Turn   | Place    | Note
-------+----------+-------------------------------------------
     0 | Abyss:1  | konkrete the Formicid Abyssal Knight began the quest for
                  | the Orb.
     0 | Abyss:1  | Reached XP level 1. HP: 18/18 MP: 2/2
    99 | Abyss:2  | Noticed a wretched star
   120 | Abyss:3  | Noticed an apocalypse crab
   125 | Abyss:4  | Found a corrupted altar of Lugonu.
   174 | Abyss:4  | Noticed a worldbinder
   203 | Abyss:4  | Noticed an unseen horror
   204 | D:1      | Escaped the Abyss
   309 | D:1      | Reached * piety under Lugonu
   330 | D:1      | Reached XP level 2. HP: 19/24 MP: 3/3
   622 | D:1      | Reached XP level 3. HP: 28/30 MP: 4/4
  1378 | D:2      | Reached XP level 4. HP: 35/37 MP: 5/5
  1890 | D:2      | Reached skill level 3 in Axes
  1931 | D:2      | Reached ** piety under Lugonu
  2056 | D:2      | Reached XP level 5. HP: 34/43 MP: 6/6
  2649 | D:3      | Noticed Natasha
  2658 | D:3      | Killed Natasha
  2766 | D:3      | Reached skill level 4 in Axes
  2766 | D:3      | Reached XP level 6. HP: 49/49 MP: 7/7
  3023 | D:3      | Reached *** piety under Lugonu
  3027 | D:3      | Found a shadowy altar of Dithmenos.
  3077 | D:3      | Noticed Natasha
  3092 | D:3      | Killed Natasha
  3095 | D:3      | Noticed Natasha
  3108 | D:3      | Killed Natasha
  3503 | D:3      | Noticed Jessica
  3530 | D:3      | Killed Jessica
  3673 | D:3      | Reached XP level 7. HP: 47/55 MP: 9/9
  3703 | D:4      | Noticed Edmund
  3732 | D:4      | Killed Edmund
  3732 | D:4      | Reached skill level 5 in Fighting
  3732 | D:4      | Reached skill level 5 in Axes
  4080 | D:4      | Found Pumeigom's Antique Armour Emporium.
  4083 | D:4      | Bought a runed shield for 187 gold pieces
  4189 | D:4      | Reached skill level 5 in Armour
  4242 | D:4      | Noticed Sigmund
  4263 | D:4      | Killed Sigmund
  4263 | D:4      | Reached skill level 1 in Shields
  4263 | D:4      | Reached XP level 8. HP: 23/62 MP: 10/10
  4838 | D:3      | Noticed Grinder
  4874 | D:3      | Killed Grinder
  4874 | D:3      | Reached skill level 6 in Axes
  5098 | D:4      | Noticed Pikel
  5119 | D:4      | Killed Pikel
  5119 | D:4      | Reached skill level 5 in Invocations
  5119 | D:4      | Reached XP level 9. HP: 67/68 MP: 12/12
  5252 | D:4      | Found Tuomnisk's Magic Scroll Emporium.
  5272 | D:4      | Identified the +4 hunting sling "Caaledd" {freeze, rElec
                  | Str+6 Int-4 Dex+5}
  5501 | D:4      | Reached **** piety under Lugonu
  5575 | D:5      | Entered Level 5 of the Dungeon
  5592 | D:5      | Noticed Menkaure
  5600 | D:5      | Killed Menkaure
  5600 | D:5      | Reached skill level 7 in Axes
  5846 | D:5      | Found a staircase to the Ecumenical Temple.
  5955 | D:5      | Found Wikeataf's Assorted Antiques.
  6377 | D:5      | Reached skill level 5 in Shields
  6899 | D:6      | Reached XP level 10. HP: 72/75 MP: 14/14
  7105 | D:6      | Reached skill level 8 in Axes
  7342 | D:6      | Reached ***** piety under Lugonu
  7767 | D:7      | Found a stormy altar of Qazlal.
  7985 | D:7      | Found a flagged portal.
  7997 | Bailey   | Entered a bailey
 10025 | Bailey   | Identified the Papyrus of Warped Evil Rites
 10544 | D:7      | Gained mutation: You are somewhat resistant to further
                  | mutation. [potion of mutation]
 10544 | D:7      | Gained mutation: You are agile. (Dex +2) [potion of
                  | mutation]
 10544 | D:7      | Lost mutation: You are agile. (Dex +2) [potion of mutation]
 10719 | D:8      | Noticed Erica
 10741 | D:8      | Killed Erica
 10741 | D:8      | Reached skill level 9 in Axes
 10741 | D:8      | Reached XP level 11. HP: 72/83 MP: 17/17
 11166 | D:8      | Noticed Maurice
 11202 | D:8      | Killed Maurice
 12281 | D:8      | Lost mutation: You are somewhat resistant to further
                  | mutation. [potion of mutation]
 12281 | D:8      | Gained mutation: Your system is resistant to poisons.
                  | (rPois) [potion of mutation]
 12281 | D:8      | Gained mutation: You are robust. (+10% HP) [potion of
                  | mutation]
 12281 | D:8      | Gained mutation: Your flesh is cold resistant. (rC+)
                  | [potion of mutation]
 12584 | D:9      | Reached skill level 10 in Axes
 13104 | D:9      | Found a staircase to the Orcish Mines.
 13513 | D:10     | Entered Level 10 of the Dungeon
 13637 | D:10     | Noticed Psyche
 13652 | D:10     | Killed Psyche
 13652 | D:10     | Reached XP level 12. HP: 95/100 MP: 19/19
 13688 | D:10     | Noticed a two-headed ogre
 13710 | D:10     | Killed a two-headed ogre
 14178 | D:10     | Noticed Sonja
 14209 | D:10     | Killed Sonja
 14209 | D:10     | Reached skill level 11 in Axes
 14671 | D:11     | Reached skill level 10 in Invocations
 14712 | D:11     | Reached ****** piety under Lugonu
 14860 | D:11     | Noticed Erolcha
 15300 | D:11     | Cast into level 1 of the Abyss (Erolcha)
 15303 | Abyss:1  | Noticed a lich
 15318 | Abyss:1  | Noticed a cacodemon
 15320 | Abyss:1  | Killed a lich
 15320 | Abyss:1  | Reached skill level 12 in Axes
 15320 | Abyss:1  | Reached skill level 10 in Armour
 15323 | Abyss:1  | Found a corrupted altar of Lugonu.
 15460 | D:11     | Escaped the Abyss
 15469 | D:11     | Killed Erolcha
 15469 | D:11     | Reached XP level 13. HP: 26/109 MP: 20/20
 16674 | D:11     | Reached skill level 1 in Evocations
 16934 | D:11     | You fall through a shaft!
 17126 | D:12     | Noticed Jorgrun
 17141 | D:12     | You fall through a shaft for 3 floors!
 17141 | D:15     | Entered Level 15 of the Dungeon
 17144 | D:15     | Noticed a centaur warrior
 17157 | D:15     | Killed a centaur warrior
 17460 | D:15     | Noticed a fire giant
 17461 | D:15     | Found a staircase to the Depths.
 17500 | D:15     | Reached skill level 13 in Axes
 17517 | D:15     | Found a gate leading to a gauntlet.
 17529 | Gauntlet | Entered a Gauntlet
 17529 | Gauntlet | Found a transporter.
 17529 | Gauntlet | Found a transporter.
 17529 | Gauntlet | Noticed a catoblepas
 17543 | Gauntlet | Found a transporter.
 17543 | Gauntlet | Found a transporter.
 17551 | Gauntlet | Found a transporter.
 17554 | Gauntlet | Found a transporter.
 17563 | Gauntlet | Found a transporter.
 17580 | Gauntlet | Found a transporter.
 17585 | Gauntlet | Found a transporter.
 17588 | Gauntlet | Found a transporter.
 17590 | Gauntlet | Found a runed translucent gate.
 17590 | Gauntlet | Found a runed translucent gate.
 17591 | Gauntlet | Found a large runed translucent door.
 17591 | Gauntlet | Found a large runed translucent door.
 17592 | Gauntlet | Found a large runed translucent door.
 17593 | Gauntlet | Found a large runed translucent door.
 17594 | Gauntlet | Found a large runed translucent door.
 17594 | Gauntlet | Found a large runed translucent door.
 17594 | Gauntlet | Found a runed translucent door.
 17595 | Gauntlet | Found a large runed translucent door.
 17596 | Gauntlet | Found a large runed translucent door.
 17598 | Gauntlet | Found a transporter.
 17599 | Gauntlet | Found a runed translucent gate.
 17599 | Gauntlet | Found a runed translucent door.
 17601 | Gauntlet | Found a transporter.
 17636 | Gauntlet | Found a large runed translucent door.
 17637 | Gauntlet | Found a large runed translucent door.
 17638 | Gauntlet | Found a large runed translucent door.
 17638 | Gauntlet | Found a large runed translucent door.
 17639 | Gauntlet | Found a large runed translucent door.
 17640 | Gauntlet | Found a large runed translucent door.
 17641 | Gauntlet | Found a large runed translucent door.
 17641 | Gauntlet | Found a large runed translucent door.
 17951 | Gauntlet | Got a flickering bronze ring
 17954 | Gauntlet | Identified the ring of Ahaddeamm {Dex+4 Stlth+} (You found
                  | it in a Gauntlet)
 17991 | Gauntlet | Identified the +2 buckler of Badi {rElec rF+ Str+2 Int-3}
 17991 | Gauntlet | Identified the ring of Wischei Yqoi {rElec rPois Str+5
                  | Int+4 Dex+2}
 17991 | Gauntlet | Noticed a minotaur
 18008 | Gauntlet | Killed a minotaur
 18356 | Gauntlet | Learned a level 1 spell: Confusing Touch
 18419 | D:15     | Noticed a four-headed hydra
 18451 | D:15     | Killed a one-headed hydra
 18451 | D:15     | Reached XP level 14. HP: 59/119 MP: 22/22
 18528 | D:14     | Shot with an arrow by a centaur warrior

Skill      XL: |  1  2  3  4  5  6  7  8  9 10 11 12 13 |
---------------+----------------------------------------+-----
Fighting       | 4 5 6 7 8 9 |  9.9
Armour         | 3 4 5 6 7 8 9 10 11 | 11.8
Axes           | 3 4 5 6 7 9 10 12 13 | 13.7
Invocations    | 3 5 6 8 9 10 11 | 11.8
Shields        | 1 3 5 7 9 |  9.5
Evocations     | 1 |  1.5
Dodging        | |  0.8

Action                   |  1- 3 |  4- 6 |  7- 9 | 10-12 | 13-15 || total
-------------------------+-------+-------+-------+-------+-------++-------
Melee: Hand axe          |    78 |   244 |   406 |   801 |       ||  1529
       Trident           |       |       |       |    46 |       ||    46
       Battleaxe         |       |       |       |   362 |   293 ||   655
       War axe           |       |       |       |    56 |     4 ||    60
Invok: Depart the Abyss  |     1 |       |       |     1 |       ||     2
       Banish            |       |       |       |     6 |       ||     6
 Abil: Shaft Self        |       |       |       |       |     1 ||     1
       Dig               |       |       |       |       |     2 ||     2
Evoke: Wand              |       |       |       |     3 |    13 ||    16
  Use: Scroll            |       |     1 |       |    21 |     3 ||    25
       Potion            |       |       |       |     2 |     8 ||    10
 Stab: Distracted        |       |       |       |       |     1 ||     1
  Eat: Chunk             |     1 |     8 |    11 |    31 |    10 ||    61
       Ration            |       |       |       |       |     1 ||     1
Armor: Scale mail        |    36 |    81 |       |       |       ||   117
       Chain mail        |       |    26 |   127 |    60 |       ||   213
       Ring mail         |       |       |       |   158 |       ||   158
       Plate armour      |       |       |       |   150 |   151 ||   301
Dodge: Dodged            |    40 |   133 |    60 |   282 |    58 ||   573
Block: Other             |       |    23 |     4 |       |       ||    27
       Shield            |       |       |   199 |   846 |   282 ||  1327
       Reflection        |       |       |     2 |    28 |    19 ||    49
